AoeStats
← el forasteiro

Northern Isles

513467113Analyzed
1v1 RM · 6d ago on Oct 13, 2026· 48m 0s· 2 players
Game mode
Random Map
Map size
Tiny (2 player)
Population
200
Speed
Normal
Resources
Standard
Victory
Conquest
Starting age
Dark Age
Ending age
Imperial Age
RankedLock teamsTeams togetherTeam positionsShared explorationLock speedFull tech treeHidden civsTurbo modeCheats
Victory
Defeat
🇧🇷 Aztecs · Brazil
403
+15
vs
🇬🇧 Lithuanians · United Kingdom
380
-15
Stephen42
10:09 Feudal Age
10:39 Double-Bit Axe
12:41 Horse Collar
14:24 Wheelbarrow
14:27 Gold Mining
14:40 Fishing Lines
17:06 Man-at-Arms
18:12 Town Watch
22:25 Castle Age
20:40 Forging
20:45 Bloodlines
20:33 Stone Mining
21:40 Scale Barding Armor
22:54 Fletching
24:01 Husbandry
23:27 Light Cavalry
24:57 Iron Casting
25:44 Bow Saw
28:58 Heavy Plow
30:17 Stone Shaft Mining
29:53 Scale Mail Armor
30:15 Squires
30:51 Long Swordsman
34:29 Chain Mail Armor
34:43 Thumb Ring
37:27 Hill Forts
40:35 Hand Cart
40:26 Crossbowman
42:05 Redemption
46:32 Imperial Age
46:34 Chain Barding Armor
el forasteiro
12:21 Feudal Age
13:30 Fishing Lines
13:44 Double-Bit Axe
14:49 Wheelbarrow
14:07 Horse Collar
15:46 Town Watch
17:09 Gold Mining
17:10 Stone Mining
23:39 Arson
24:53 Man-at-Arms
26:09 Forging
26:00 Scale Mail Armor
34:11 Castle Age
34:22 Padded Archer Armor
34:13 Fletching
34:21 Pikeman
35:02 Squires
35:15 Squires
34:46 Eagle Warrior
35:17 Pikeman
40:11 Atlatl
40:25 Bodkin Arrow
41:06 Iron Casting
45:22 Town Patrol
45:38 Hand Cart
45:46 Leather Archer Armor
Connection lost

Rejoining the realm…

Still unreachable

The connection could not be restored.

Session expired

The server has moved on; the page needs a fresh start.